 Dungeon Crawl Stone Soup version 0.31-a0-836-g3ceb0a68c4 (webtiles) character file.

Game seed: 16656761456977303873

137 GilGalad the Ruffian (level 5, -2/42 HPs)
             Began as a Draconian Shapeshifter on Sept 27, 2023.
             Killed from afar by Ijyb (7 damage)
             ... with a bolt of acid
             ... on level 3 of the Dungeon.
             The game lasted 00:08:12 (2292 turns).

GilGalad the Ruffian (Draconian Shapeshifter)       Turns: 2292, Time: 00:08:13

Health: -2/42      AC:  1    Str: 18    XL:     5   Next: 0%
Magic:  5/5        EV: 13    Int: 11    God:
Gold:   135        SH:  5    Dex: 16    Spells: 4/4 levels left

rFire   . .          .
                       - Unarmed
rCold   . . .        (no shield)
rNeg    + . .        (body armour unavailable)
rPois   .            (helmet currently unavailable)
rElec   .            (cloak currently unavailable)
rCorr   .            (gloves currently unavailable)
SInv    .            (boots currently unavailable)
Will    .....        d - amulet of reflection
Stlth   +            i - +6 ring of dexterity
HPRegen 0.27/turn    l - ring of positive energy
MPRegen 0.09/turn

%: reflection
@: beast-form, corroded
A: beast (slay +2), AC +5, unfitting armour, cold-blooded
a: Begin Untransformation


You were on level 3 of the Dungeon.
You were a hulking beast.
You visited 1 branch of the dungeon, and saw 3 of its levels.

You collected 135 gold pieces.

Inventory:

Hand Weapons
 j - a +0 heavy hammer
 p - a +0 short sword of electrocution
Jewellery
 d - an amulet of reflection (around neck)
 i - a +6 ring of dexterity (left hand)
 l - a ring of positive energy (right hand)
Talismans
 b - a beast talisman (active)
 c - a flux talisman
Scrolls
 e - a scroll of amnesia {unknown}
 g - 2 scrolls of teleportation {unknown}
 h - a scroll of enchant weapon {unknown}
 m - a scroll of fog {unknown}
 n - a scroll of immolation {unknown}
 o - a scroll of identify {unknown}
Potions
 a - a potion of lignification
 f - a potion of haste {unknown}
 k - a potion of brilliance {unknown}


   Skills:
 + Level 2.6 Fighting
 + Level 2.8 Dodging
 + Level 3.8 Unarmed Combat
 + Level 3.7 Shapeshifting


You had 4 spell levels left.
You didn't know any spells.
Your spell library contained the following spells:

 Spells                   Type           Power      Damage    Failure   Level
 Cigotuvi's Dreadful Rot  Necr/Pois/Air  0%         N/A       47%         2
 Ignite Poison            Fire/Tmut/Pois 0%         N/A       71%         3
 Freezing Cloud           Conj/Ice/Air   0%         6-21      100%        5


Dungeon Overview and Level Annotations

Branches:
Dungeon (3/15)

Altars:

Annotations:
D:3 Ijyb, Sigmund


Innate Abilities, Weirdness & Mutations

You are a hulking beast.
Your limbs bulge with bestial killing power. (Slay +2)
Your plain brown scales are hard. (AC +5)
You cannot fit into any form of body armour.
You are cold-blooded and may be slowed by cold attacks.


Message History

Ijyb shouts!
You hit Ijyb.
Ijyb is moderately wounded.
Ijyb zaps a wand.
The bolt of acid hits you! The acid corrodes you!
You hit Ijyb but do no damage.
Ijyb is moderately wounded.
Ijyb hits you with a +0 club!
You closely miss Ijyb.
Ijyb is moderately wounded.
You closely miss Ijyb.
Ijyb is moderately wounded.
Ijyb misses you.
You hit Ijyb. You tail-slap Ijyb, but do no damage.
Ijyb is heavily wounded.
You block Ijyb's attack.
You hit Ijyb but do no damage.
Ijyb is heavily wounded.
Ijyb hits you with a +0 club.
You hit Ijyb but do no damage.
Ijyb is heavily wounded.
Ijyb hits you with a +0 club.
You barely miss Ijyb.
Ijyb is heavily wounded.
Ijyb hits you with a +0 club.
* * * LOW HITPOINT WARNING * * *
You closely miss Ijyb. You tail-slap Ijyb, but do no damage.
Ijyb is heavily wounded.
Ijyb hits you with a +0 club.
* * * LOW HITPOINT WARNING * * *
You hit Ijyb.
Ijyb is severely wounded.
You block Ijyb's attack.
You hit Ijyb but do no damage.
Ijyb is severely wounded.
Ijyb hits you with a +0 club.
* * * LOW HITPOINT WARNING * * *
You barely miss Ijyb. You tail-slap Ijyb.
Ijyb is severely wounded.
Ijyb zaps a wand.
The bolt of acid hits you!
You die...

######## #.#
...##...# #.#
...##..... #.#
...##...#.####.# ##
####. .........# .#
####.##.. #.##.# .#
.รท##....###.##.##.#
................h.#
...##..#.#..##.##g#
...##..#.#..##.# .#
...............# .#
..###.##.##.#### .#
#####.##.##.# .#
##.......##.# .#
##.....#.##.# .#
.......#.#


You could see Ijyb.

Vanquished Creatures
  Crazy Yiuf (D:2)
  Robin (D:1)
  3 adders
  A dart slug (D:2)
  An orc (D:3)
  9 endoplasms
  3 giant cockroaches
  8 hobgoblins
  4 quokkas
  4 ball pythons
  5 bats
  4 frilled lizards (D:1)
  9 goblins
  10 kobolds
  4 rats
67 creatures vanquished.

Notes
Turn   | Place    | Note
-------+----------+-------------------------------------------
     0 | D:1      | GilGalad the Draconian Shapeshifter began the quest for the
                  | Orb.
     0 | D:1      | Reached XP level 1. HP: 16/16 MP: 1/1
     7 | D:1      | Noticed a minotaur zombie
     8 | D:1      | Noticed a demonspawn zombie
    17 | D:1      | Noticed a merfolk zombie
    21 | D:1      | Noticed a merfolk zombie
   169 | D:1      | Reached XP level 2. HP: 21/23 MP: 2/2
   672 | D:1      | Found a faded altar of an unknown god.
   932 | D:2      | Noticed Robin
   954 | D:1      | Reached XP level 3. HP: 23/29 MP: 3/3
  1081 | D:1      | Killed Robin
  1081 | D:1      | HP: 1/29 [frozen (3)]
  1245 | D:2      | Found a runed translucent door.
  1246 | D:2      | Noticed Crazy Yiuf
  1258 | D:2      | Killed Crazy Yiuf
  1259 | D:2      | Reached XP level 4. HP: 20/37 MP: 4/4
  1783 | D:3      | Noticed a scorpion
  1920 | D:3      | Noticed Sigmund
  2065 | D:2      | Reached XP level 5. HP: 42/42 MP: 5/5
  2280 | D:3      | Noticed Ijyb
  2292 | D:3      | Killed from afar by Ijyb

Illustrated notes

Levels and vault maps discovered:
D:1:      shiori_arrival_whats_in_store_for_you, layout_basic,
          ebering_ecumenical_altar_abandoned
D:2:      layout_basic, uniq_crazy_yiuf_cottage, uniq_robin
D:3:      layout_basic, uniq_jessica, uniq_ijyb, uniq_sigmund

Skill      XL: |  1  2  3 |
---------------+----------+-----
Dodging        | 2 |  2.8
Fighting       | 2 |  2.6
Unarmed Combat | |  3.8
Shapeshifting  | |  3.7

Action                     |  1- 3 |  4- 6 || total
---------------------------+-------+-------++-------
  Melee: Unarmed           |   112 |    69 ||   181
         Tailslap          |    10 |    15 ||    25
         Punch             |     2 |       ||     2
   Stab: Sleeping          |       |     1 ||     1
 Armour: Skin              |    77 |    25 ||   102
  Dodge: Dodged            |    97 |    34 ||   131
  Block: Other             |       |    16 ||    16
         Reflection        |       |     1 ||     1
         Form:             |     1 |       ||     1
         Beast             |     1 |       ||     1
         Flux              |     1 |       ||     1

Table legend: (Time is in decaauts)
 A = Elapsed time spent in this place.
 B = Non-inter-level travel time spent in this place.
 C = Inter-level travel time spent in this place.
 D = Time resting spent in this place.
 E = Time spent auto-exploring this place.
 F = Levels seen in this place.
 G = Mean time per level.
                   A        B        C        D        E       F      G
               +--------+--------+--------+--------+--------+-----+--------+
         Total |   2290 |   2208 |     82 |    277 |   1426 |   3 |  763.3 |
       Dungeon |   2290 |   2208 |     82 |    277 |   1426 |   3 |  763.3 |
               +--------+--------+--------+--------+--------+-----+--------+

Top non-repeatable levels by time:
     D:1: 1168 daAuts
     D:2: 915 daAuts
     D:3: 206 daAuts
